[ AOE2 MATCH · #505745608 ]
UnrankedTeutons vs Wei
Player's team · WIN
Rival team · LOSS
[ REPLAY ANALYSIS · EXTRACTED FROM THE RECORDED GAME ]
Feudal
9:41
Castle
21:32
Imperial
34:18
| APM avg | 43.7 |
| APM peak | 86 |
| eAPM avg | 22.6 |
| Villagers / military | 148 / 92 |
Focus
⚔️ 25.5% · 🌾 74.5%
Knight ×79 · Bombard Cannon ×6 · Monk ×4 · Scout Cavalry ×3
Feudal
10:15
Castle
20:38
Imperial
40:03
| APM avg | 32.5 |
| APM peak | 93 |
| eAPM avg | 12.4 |
| Villagers / military | 61 / 60 |
Focus
⚔️ 31.8% · 🌾 68.2%
Spearman ×55 · Unknown (1952) ×52 · Unknown (1944) ×31 · Monk ×4 · Militia ×1
Match map
Initial resources + every placement click. Lines = walls · curves = elevation contours. ◆ gold · ⬟ stone · ● berries · ✦ relic · ◌ wall gap
Your base· Open — 6t gap
Abo Shajumaro's base· ✓ Closed at 20:38 · 26t walls · 1 gate(s)
Smoothed initial terrain · ◌ = detected wall gap · hover for details
Inputs per minute
— LMG_SON SABANDIJAS - - Abo Shajumaro
Build order — LMG_SON SABANDIJAS
First 150 of 383 actions detected
| 0:00 | Queue | Villager (Male) |
| 0:01 | Queue | Villager (Male) |
| 0:02 | Build | House |
| 0:04 | Build | House |
| 0:10 | Queue | Villager (Male) |
| 0:11 | Queue | Villager (Male) |
| 0:11 | Queue | Villager (Male) |
| 1:22 | Queue | Villager (Male) |
| 1:23 | Queue | Villager (Male) |
| 2:07 | Queue | Villager (Male) |
| 2:08 | Queue | Villager (Male) |
| 2:16 | Build | Lumber Camp |
| 2:19 | Queue | Villager (Male) |
| 2:20 | Queue | Villager (Male) |
| 2:20 | Queue | Villager (Male) |
| 2:38 | Queue | Villager (Male) |
| 2:38 | Queue | Villager (Male) |
| 2:39 | Queue | Villager (Male) |
| 3:08 | Queue | Villager (Male) |
| 3:21 | Queue | Villager (Male) |
| 3:21 | Queue | Villager (Male) |
| 4:02 | Queue | Villager (Male) |
| 4:03 | Queue | Villager (Male) |
| 4:18 | Queue | Villager (Male) |
| 4:18 | Queue | Villager (Male) |
| 4:35 | Research | Loom |
| 4:38 | Build | House |
| 4:50 | Queue | Villager (Male) |
| 5:15 | Queue | Villager (Male) |
| 5:43 | Queue | Villager (Male) |
| 6:01 | Queue | Villager (Male) |
| 6:40 | Queue | Villager (Male) |
| 7:04 | Queue | Villager (Male) |
| 7:04 | Queue | Villager (Male) |
| 7:04 | Queue | Villager (Male) |
| 7:08 | Build | Mill |
| 7:31 | Research | Feudal Age |
| 7:32 | Research | Feudal Age |
| 7:32 | Research | Feudal Age |
| 7:39 | Build | House |
| 8:16 | Build | Barracks |
| 8:29 | Queue | Villager (Male) |
| 8:30 | Queue | Villager (Male) |
| 8:58 | Build | Palisade Gate |
| 9:03 | Queue | Villager (Male) |
| 9:41 | Age | Feudal Age |
| 9:47 | Build | Stable |
| 9:54 | Queue | Villager (Male) |
| 9:59 | Research | Double-Bit Axe |
| 10:06 | Queue | Villager (Male) |
| 10:19 | Build | Palisade Wall |
| 10:33 | Research | Horse Collar |
| 10:35 | Build | House |
| 10:55 | Queue | Scout Cavalry |
| 10:56 | Queue | Scout Cavalry |
| 10:56 | Queue | Scout Cavalry |
| 11:02 | Build | Palisade Wall |
| 11:05 | Build | Palisade Wall |
| 11:07 | Queue | Villager (Male) |
| 11:07 | Queue | Villager (Male) |
| 11:10 | Build | House |
| 11:13 | Build | Palisade Wall |
| 11:28 | Build | Farm |
| 11:29 | Build | Farm |
| 11:29 | Build | Farm |
| 11:29 | Build | Farm |
| 11:29 | Build | Farm |
| 11:52 | Build | Farm |
| 11:53 | Queue | Villager (Male) |
| 12:03 | Queue | Villager (Male) |
| 12:17 | Build | Farm |
| 12:19 | Build | Farm |
| 12:21 | Build | Farm |
| 12:23 | Build | Farm |
| 12:25 | Queue | Villager (Male) |
| 12:25 | Queue | Villager (Male) |
| 12:44 | Queue | Villager (Male) |
| 12:51 | Build | House |
| 12:53 | Build | House |
| 12:57 | Build | House |
| 13:11 | Build | Palisade Wall |
| 13:21 | Build | Farm |
| 13:21 | Build | Farm |
| 13:21 | Build | Farm |
| 13:22 | Queue | Villager (Male) |
| 13:31 | Build | Palisade Wall |
| 13:35 | Build | Farm |
| 13:35 | Queue | Villager (Male) |
| 13:43 | Queue | Villager (Male) |
| 13:58 | Build | Lumber Camp |
| 14:02 | Queue | Villager (Male) |
| 14:04 | Build | Farm |
| 14:05 | Queue | Villager (Male) |
| 14:16 | Build | Farm |
| 14:21 | Build | Farm |
| 14:22 | Queue | Villager (Male) |
| 14:45 | Queue | Villager (Male) |
| 14:47 | Build | Farm |
| 14:59 | Build | Farm |
| 15:10 | Queue | Villager (Male) |
| 15:38 | Build | Mining Camp |
| 16:02 | Queue | Villager (Male) |
| 16:14 | Queue | Villager (Male) |
| 16:38 | Queue | Villager (Male) |
| 16:53 | Build | Stable |
| 17:22 | Build | Stable |
| 18:16 | Build | Blacksmith |
| 18:20 | Queue | Villager (Male) |
| 18:24 | Build | House |
| 18:40 | Research | Castle Age |
| 18:55 | Queue | Villager (Male) |
| 18:55 | Queue | Villager (Male) |
| 19:18 | Build | House |
| 19:39 | Research | Gold Mining |
| 20:06 | Build | Stable |
| 20:33 | Queue | Villager (Male) |
| 20:33 | Queue | Villager (Male) |
| 21:32 | Age | Castle Age |
| 21:33 | Queue | Knight |
| 21:34 | Queue | Knight |
| 21:34 | Queue | Knight |
| 21:38 | Research | Bloodlines |
| 21:38 | Research | Bloodlines |
| 21:39 | Research | Forging |
| 21:40 | Research | Scale Barding Armor |
| 21:42 | Queue | Villager (Male) |
| 21:42 | Queue | Villager (Male) |
| 22:04 | Build | Town Center |
| 22:08 | Queue | Knight |
| 22:09 | Queue | Knight |
| 22:15 | Queue | Villager (Male) |
| 22:23 | Queue | Villager (Male) |
| 22:30 | Build | Farm |
| 22:30 | Build | Farm |
| 22:31 | Build | Farm |
| 22:31 | Build | Farm |
| 22:31 | Build | Farm |
| 22:31 | Build | Farm |
| 22:32 | Build | Farm |
| 22:32 | Queue | Villager (Male) |
| 22:39 | Queue | Knight |
| 22:41 | Research | Iron Casting |
| 22:42 | Queue | Knight |
| 22:42 | Queue | Knight |
| 22:42 | Queue | Knight |
| 22:58 | Build | Monastery |
| 23:03 | Build | House |
| 23:07 | Build | House |
| 23:25 | Queue | Villager (Male) |
| 23:30 | Research | Wheelbarrow |
Build order — Abo Shajumaro
First 150 of 230 actions detected
| 0:01 | Queue | Villager (Male) |
| 0:01 | Queue | Villager (Male) |
| 0:02 | Queue | Villager (Male) |
| 0:03 | Build | House |
| 0:05 | Build | House |
| 0:26 | Queue | Villager (Male) |
| 1:46 | Queue | Villager (Male) |
| 1:47 | Queue | Villager (Male) |
| 2:22 | Build | Lumber Camp |
| 2:41 | Queue | Villager (Male) |
| 2:41 | Queue | Villager (Male) |
| 2:49 | Build | House |
| 3:05 | Queue | Villager (Male) |
| 3:51 | Queue | Villager (Male) |
| 3:51 | Queue | Villager (Male) |
| 4:16 | Queue | Villager (Male) |
| 4:37 | Queue | Villager (Male) |
| 4:45 | Build | Mill |
| 5:09 | Queue | Villager (Male) |
| 5:15 | Build | House |
| 5:17 | Build | Palisade Wall |
| 5:34 | Queue | Villager (Male) |
| 6:09 | Build | Palisade Wall |
| 6:24 | Queue | Villager (Male) |
| 6:45 | Queue | Villager (Male) |
| 7:01 | Build | Palisade Wall |
| 7:09 | Build | Palisade Wall |
| 7:15 | Queue | Villager (Male) |
| 7:36 | Queue | Villager (Male) |
| 7:44 | Build | Palisade Gate |
| 7:59 | Research | Feudal Age |
| 8:22 | Build | House |
| 9:23 | Build | Mining Camp |
| 9:57 | Build | House |
| 10:13 | Research | Loom |
| 10:15 | Age | Feudal Age |
| 10:17 | Research | Double-Bit Axe |
| 10:22 | Research | Gold Mining |
| 10:26 | Research | Horse Collar |
| 10:29 | Build | House |
| 10:41 | Build | Palisade Wall |
| 10:44 | Queue | Villager (Male) |
| 11:12 | Queue | Villager (Male) |
| 11:19 | Build | Mining Camp |
| 11:28 | Research | Stone Mining |
| 11:40 | Build | Mill |
| 11:57 | Build | Farm |
| 11:57 | Build | Farm |
| 11:58 | Queue | Villager (Male) |
| 11:58 | Queue | Villager (Male) |
| 12:03 | Build | House |
| 12:13 | Build | Farm |
| 12:13 | Build | Farm |
| 12:47 | Build | Barracks |
| 12:55 | Queue | Villager (Male) |
| 13:25 | Build | House |
| 13:29 | Queue | Villager (Male) |
| 13:35 | Build | Farm |
| 13:35 | Build | Farm |
| 13:35 | Build | Farm |
| 13:36 | Build | Farm |
| 13:36 | Build | Farm |
| 13:54 | Queue | Villager (Male) |
| 14:08 | Build | Stable |
| 14:11 | Queue | Spearman |
| 14:21 | Queue | Villager (Male) |
| 14:22 | Queue | Villager (Male) |
| 14:44 | Queue | Spearman |
| 14:45 | Queue | Spearman |
| 14:47 | Queue | Villager (Male) |
| 15:02 | Build | Farm |
| 15:03 | Build | Farm |
| 15:12 | Build | Archery Range |
| 15:28 | Build | Farm |
| 15:28 | Build | Farm |
| 15:48 | Research | Wheelbarrow |
| 16:07 | Build | Lumber Camp |
| 16:10 | Queue | Villager (Male) |
| 16:18 | Build | Farm |
| 16:44 | Queue | Spearman |
| 16:47 | Build | Farm |
| 17:11 | Build | Farm |
| 17:18 | Build | Farm |
| 17:32 | Queue | Villager (Male) |
| 17:42 | Build | House |
| 17:58 | Research | Castle Age |
| 18:14 | Build | Blacksmith |
| 18:59 | Queue | Spearman |
| 18:59 | Queue | Spearman |
| 19:26 | Research | Fletching |
| 19:43 | Build | House |
| 19:48 | Build | House |
| 20:01 | Research | Bloodlines |
| 20:38 | Age | Castle Age |
| 20:41 | Queue | Villager (Male) |
| 20:42 | Queue | Villager (Male) |
| 20:47 | Research | Husbandry |
| 20:50 | Queue | Unit 1952 ×5 |
| 20:51 | Queue | Unit 1952 ×2 |
| 20:51 | Queue | Unit 1952 ×2 |
| 21:09 | Build | Monastery |
| 21:19 | Build | Palisade Gate |
| 21:26 | Build | Farm |
| 21:26 | Build | Farm |
| 21:27 | Queue | Villager (Male) |
| 21:28 | Queue | Villager (Male) |
| 21:58 | Queue | Monk |
| 22:12 | Queue | Unit 1944 |
| 22:12 | Queue | Unit 1944 |
| 22:29 | Queue | Villager (Male) |
| 22:29 | Queue | Villager (Male) |
| 22:30 | Queue | Villager (Male) |
| 22:43 | Queue | Villager (Male) |
| 22:51 | Research | Bow Saw |
| 23:14 | Research | Forging |
| 23:17 | Research | Pikeman (upgrade) |
| 23:19 | Research | Squires |
| 23:21 | Queue | Villager (Male) |
| 23:21 | Queue | Villager (Male) |
| 23:22 | Queue | Spearman |
| 23:23 | Queue | Spearman |
| 23:23 | Queue | Spearman |
| 23:32 | Queue | Unit 1952 |
| 23:39 | Research | Heavy Plow |
| 24:23 | Queue | Monk |
| 24:27 | Queue | Spearman |
| 24:27 | Queue | Spearman |
| 24:33 | Research | Thumb Ring |
| 24:34 | Queue | Unit 1952 |
| 24:40 | Queue | Villager (Male) |
| 24:51 | Build | University |
| 24:58 | Research | Gold Shaft Mining |
| 25:03 | Queue | Unit 1944 |
| 25:03 | Queue | Unit 1944 |
| 25:30 | Build | House |
| 25:52 | Build | Barracks |
| 26:04 | Queue | Monk |
| 26:05 | Queue | Monk |
| 26:06 | Queue | Villager (Male) |
| 26:06 | Queue | Villager (Male) |
| 26:09 | Queue | Unit 1952 |
| 26:10 | Queue | Unit 1952 |
| 26:21 | Research | Iron Casting |
| 26:24 | Queue | Militia |
| 26:25 | Queue | Spearman |
| 26:26 | Queue | Spearman |
| 26:28 | Queue | Spearman |
| 26:28 | Queue | Spearman |
| 26:29 | Queue | Spearman |
| 26:38 | Queue | Spearman |
Match timeline
| 5:17 | Abo Shajumaro · wall_segment Palisade Wall x3 |
| 6:09 | Abo Shajumaro · wall_segment Palisade Wall x5 |
| 7:01 | Abo Shajumaro · wall_segment Palisade Wall x2 |
| 7:09 | Abo Shajumaro · wall_segment Palisade Wall x9 |
| 8:16 | LMG_SON SABANDIJAS · first_building Barracks |
| 9:41 | LMG_SON SABANDIJAS · age_up feudal |
| 9:47 | LMG_SON SABANDIJAS · first_building Stable |
| 10:15 | Abo Shajumaro · age_up feudal |
| 10:19 | LMG_SON SABANDIJAS · wall_segment Palisade Wall x1 |
| 10:41 | Abo Shajumaro · wall_segment Palisade Wall x7 |
| 11:02 | LMG_SON SABANDIJAS · wall_segment Palisade Wall x8 |
| 11:05 | LMG_SON SABANDIJAS · wall_segment Palisade Wall x15 |
| 11:13 | LMG_SON SABANDIJAS · wall_segment Palisade Wall x4 |
| 12:47 | Abo Shajumaro · first_building Barracks |
| 13:11 | LMG_SON SABANDIJAS · wall_segment Palisade Wall x1 |
| 13:31 | LMG_SON SABANDIJAS · wall_segment Palisade Wall x1 |
| 14:08 | Abo Shajumaro · first_building Stable |
| 15:12 | Abo Shajumaro · first_building Archery Range |
| 20:38 | Abo Shajumaro · age_up castle |
| 21:09 | Abo Shajumaro · first_building Monastery |
| 21:32 | LMG_SON SABANDIJAS · age_up castle |
| 22:58 | LMG_SON SABANDIJAS · first_building Monastery |
| 29:05 | Abo Shajumaro · first_building Castle |
| 32:13 | LMG_SON SABANDIJAS · first_building Siege Workshop |
| 34:18 | LMG_SON SABANDIJAS · age_up imperial |
| 40:03 | Abo Shajumaro · age_up imperial |
| 40:08 | Abo Shajumaro · resign |
[ AI ANALYSIS · 1 CREDIT ]
What really happened in this match?
Wolo.gg analyzes every decision: build order, eco, micro, common mistakes by bracket. Personalized analysis on WhatsApp or Discord in 30 seconds.
Civ guide
Teutons
Perfil
Jugador #12010648